 Dungeon Sprint DCSS version 0.16-a0-3540-gcd4db26 (webtiles) character file.

2874 BluebellGnoll the Gelid (level 9, -4/51 HPs)
             Began as an Octopode Ice Elementalist on Jan 9, 2015.
             Was the Champion of Vehumet.
             Slain by a guardian mummy (19 damage)
             ... in the Dungeon (Sprint V: "Ziggurat Sprint").
             The game lasted 00:17:38 (546 turns).

BluebellGnoll the Gelid (Octopode Ice Elementalist)  Turns: 546, Time: 00:17:39

Health: -4/51      AC: 10    Str: 11    XL:     9   Next: 76%
Magic:  27/27      EV:  9    Int: 32    God:    Vehumet [******]
Gold:   0          SH: 25    Dex: 18    Spells: 8 memorised, 4 levels left

rFire  . . .     SeeInvis +     H - +14 obsidian axe {chop, +Fly Str+3 SInv Curse} (curse)
rCold  . . .     Clarity  .     G - +18 shield of the gong {rElec rN+ MR+ EV-5}
rNeg   + . .     SustAb   .     (helmet restricted)
rPois  .         Gourm    .     (no amulet)
rElec  +         Spirit   .     o - +6 ring of intelligence
rCorr  .         Warding  .     m - +6 ring of dexterity
rMut   .         NoTele   +     N - ring of wizardry
MR     +....                    p - +6 ring of intelligence (curse)
Stlth  +++.......               (no ring)
                                (no ring)
                                (no ring)
                                (no ring)

@: icy armour, mesmerised, studying Bows, drained, somewhat resistant to hostile
enchantments, fairly stealthy
A: almost no armour, amphibious, 8 rings, constrict 8, camouflage 1, gelatinous
body 1
a: Renounce Religion, Evoke Flight


You were in the Dungeon.
You worshipped Vehumet.
Vehumet was exalted by your worship.
You were not hungry.

You visited 1 branch

Inventory:

Hand weapons
 H - the cursed +14 obsidian axe (weapon) {chop, +Fly Str+3 SInv Curse}
   (You found it in the Dungeon)

   It inflicts extra damage upon your enemies.
   It affects your strength (+3).
   It enhances your eyesight.
   It lets you fly.
   It may recurse itself when equipped.
   It has a curse placed upon it.
 I - a +5 quick blade of flaming
 Q - the cursed +6 hand axe "Oleul" {freeze, rF++ Str-3 Int+1}
   (You found it in the Dungeon)

   It has been specially enchanted to freeze those struck by it, causing extra
   injury to most foes and up to half again as much damage against particularly
   susceptible opponents.
   It can also slow down cold-blooded creatures.
   It affects your strength (-3).
   It affects your intelligence (+1).
   It greatly protects you from fire.
   It has a curse placed upon it.
Armour
 G - the +18 shield of the gong (worn) {rElec rN+ MR+ EV-5}
   (You found it in the Dungeon)

   It affects your evasion (-5).
   It insulates you from electricity.
   It protects you from negative energy.
   It affects your resistance to hostile enchantments.
Rods
 K - a +2 iron rod (9/9)
   (You found it in the Dungeon)
Jewellery
 m - a +6 ring of dexterity (right tentacle)
 o - a +6 ring of intelligence (left tentacle)
 p - a cursed +6 ring of intelligence (on tentacle)
 N - a ring of wizardry (on tentacle)
Magical devices
 a - a wand of disintegration (7)
 j - a wand of fire (3)
 k - a wand of cold (5)
 l - a wand of draining (4)
 R - a wand of polymorph (0)
 T - a wand of digging (3)
Scrolls
 i - 4 scrolls of blinking
 s - 4 scrolls of amnesia
 t - 3 scrolls of recharging
 u - 7 scrolls of fog
 v - a scroll of holy word
 w - 5 scrolls of identify
 x - 5 scrolls of remove curse
 y - 2 scrolls of fear
 M - a scroll of brand weapon
Potions
 d - 10 potions of curing
 e - 9 potions of heal wounds
 f - 4 potions of haste
 g - 7 potions of magic
 h - 3 potions of berserk rage
 z - 2 potions of brilliance
 A - 2 potions of invisibility
 B - 2 potions of restore abilities
 C - 4 potions of resistance
 E - 3 potions of agility
 F - 4 potions of might
 S - a potion of mutation {unknown}
Books
 L - a manual of Bows
 U - a book of Clouds

   Spells                             Type                      Level
   a - Mephitic Cloud                 Conjuration/Poison/Air       3
   b - Conjure Flame                  Conjuration/Fire             3
   c - Poisonous Cloud                Conjuration/Poison/Air       6
   d - Freezing Cloud                 Conjuration/Ice/Air          6
   e - Ring of Flames                 Charms/Fire                  7
Miscellaneous
 n - a disc of storms
 J - a plain deck of summoning {drawn: 5}
 O - a fan of gales
Comestibles
 c - 5 bread rations
 q - 42 fruits
 r - 4 meat rations
 D - 5 chunks of flesh


   Skills:
 - Level 7.7(7.1) Dodging
 - Level 2.6(2.1) Stealth
 + Level 9.6(8.9) Spellcasting
 - Level 4.8(4.3) Conjurations
 - Level 16.5(15.8) Ice Magic
 - Level 4.1(3.6) Evocations


You had 4 spell levels left.
You knew the following spells:

 Your Spells              Type           Power        Failure   Level  Hunger
a - Freeze                Ice            ####         1%          1    None
b - Throw Frost           Conj/Ice       ######       1%          2    None
c - Ozocubu's Armour      Chrm/Ice       ######..     1%          3    None
d - Condensation Shield   Ice            #######...   1%          4    None
e - Throw Icicle          Conj/Ice       ######..     1%          4    None
f - Summon Ice Beast      Ice/Summ       ######..     4%          4    None
g - Mephitic Cloud        Conj/Pois/Air  ###.....     4%          3    None
h - Blink                 Tloc           N/A          16%         2    None


Dungeon Overview and Level Annotations

Branches:
Dungeon (1/1)

Altars:
Ashenzari
Cheibriados
Dithmenos
Elyvilon
Fedhas
Gozag
Kikubaaqudgha
Makhleb
Nemelex Xobeh
Okawaru
Qazlal
Ru
Sif Muna
Trog
Vehumet
Xom
Yredelemnul
Zin
The Shining One
Beogh
Jiyva
Lugonu


Innate Abilities, Weirdness & Mutations

You cannot wear most types of armour.
You are amphibious.
You can wear up to eight rings at the same time.
You can use your tentacles to constrict many enemies at once.
Your skin changes colour to match your surroundings (Stealth).
Your rubbery body absorbs attacks (AC +1).


Message History

* * * LOW HITPOINT WARNING * * *
The anubis guard misses you.
The guardian mummy completely misses you.
Unknown command.
Drink which item? (? for menu, Esc to quit)
You feel much better. You block the ice devil's attack.
GONNNNG!
The anubis guard breathes negative energy at you.
The bolt of negative energy hits you! You partially resist.
You feel drained.
* * * LOW HITPOINT WARNING * * *
Unknown command.
You barely miss the anubis guard. You grab the anubis guard.
The anubis guard is moderately wounded.
You completely miss the ice devil.
You hit the guardian mummy but do no damage.
The guardian mummy is heavily damaged.
You constrict the anubis guard. You block the ice devil's attack.
SHROANNG!
The guardian mummy hits you!!
You die...

▓...8©8.. ▓..8©8..▓
▓..:}|))..▓...)|..▓
▓...=[:...▓...4...▓
▓.........▓...)...▓
▓.........▓.......▓
▓.........▓....)..▓
▓....8....▓.......▓
▓.▓.MH..▓.▓...))..▓
▓...3@....▓.......▓
▓▓▓▓▓▓▓▓▓▓▓▓▓▓▓▓▓▓▓


You could see an ice devil, an anubis guard, a guardian mummy and an ushabti.

Vanquished Creatures
  A hill giant (D)
  A guardian mummy (D)
  A freezing wraith (D)
  A two-headed ogre (D)
  2 trolls (D)
  A jumping spider (D)
  A slime creature (D)
  A golden eye (D)
  A phantom (D)
  2 ogres (D)
  Sigmund (D)
  Duvessa (D)
  A wight (D)
  Dowan (D)
  2 crimson imps (D)
  A jelly (D)
  Crazy Yiuf (D)
  A sheep (D)
  Jessica (D)
  A mummy (D)
  A shadow imp (D)
  An ufetubus (D)
  An adder skeleton (D)
  An adder zombie (D)
  2 oozes (D)
  A bat skeleton (D)
  A bat zombie (D)
  A jackal (D)
  A quokka skeleton (D)
33 creatures vanquished.

Vanquished Creatures (collateral kills)
  Edmund (D)
  A naga (shapeshifter) (D)
  Blork the orc (D)
  A jelly (shapeshifter) (D)
  A mummy (D)
  3 giant mites (D)
  A worm (shapeshifter) (D)
9 creatures vanquished.

Vanquished Creatures (others)
  A player illusion (D)
1 creature vanquished.

Grand Total: 43 creatures vanquished

Notes
Turn   | Place    | Note
--------------------------------------------------------------
     0 | D        | BluebellGnoll, the Octopode Ice Elementalist, began the quest for the Orb.
     0 | D        | Reached XP level 1. HP: 11/11 MP: 3/3
     0 | D        | Found a viscous altar of Jiyva.
     0 | D        | Found a corrupted altar of Lugonu.
     0 | D        | Found a white marble altar of Elyvilon.
     2 | D        | Found a sparkling altar of Nemelex Xobeh.
     2 | D        | Found a burning altar of Makhleb.
     2 | D        | Found a deep blue altar of Sif Muna.
     3 | D        | Found a bloodstained altar of Trog.
     6 | D        | Found an iron altar of Okawaru.
    17 | D        | Found a basalt altar of Yredelemnul.
    17 | D        | Found a radiant altar of Vehumet.
    43 | D        | Found a shimmering altar of Xom.
    59 | D        | Became a worshipper of Vehumet
    65 | D        | Reached skill level 7 in Dodging
    65 | D        | Reached XP level 2. HP: 17/17 MP: 4/4
    69 | D        | Learned a level 2 spell: Throw Frost
    69 | D        | Entered arena 1.
    72 | D        | Reached XP level 3. HP: 21/21 MP: 4/6
    85 | D        | Learned a level 3 spell: Ozocubu's Armour
    95 | D        | Entered arena 2.
    95 | D        | Noticed a spider
    95 | D        | Noticed a naga
    97 | D        | Noticed a centaur
    97 | D        | a spider changed into a centaur
    98 | D        | Killed a naga
    98 | D        | Acquired Vehumet's first power
    98 | D        | Offered knowledge of Sandblast by Vehumet.
    98 | D        | Reached skill level 5 in Ice Magic
    98 | D        | Reached XP level 4. HP: 27/27 MP: 7/11
   104 | D        | a centaur changed into a jelly
   121 | D        | Entered arena 3.
   121 | D        | Noticed a jumping spider
   126 | D        | Killed a jumping spider
   126 | D        | Reached skill level 8 in Ice Magic
   126 | D        | Reached XP level 5. HP: 31/31 MP: 7/17
   126 | D        | Reached XP level 6. HP: 36/36 MP: 7/19
   142 | D        | Entered arena 4.
   142 | D        | Noticed a wight
   142 | D        | Noticed a phantom
   147 | D        | Acquired Vehumet's second power
   148 | D        | Killed a wight
   148 | D        | Reached skill level 9 in Ice Magic
   155 | D        | Killed a phantom
   155 | D        | Reached skill level 10 in Ice Magic
   160 | D        | Identified the Collected Works on Calling (You found it in the Dungeon)
   168 | D        | Learned a level 4 spell: Condensation Shield
   173 | D        | Learned a level 4 spell: Throw Icicle
   208 | D        | Entered arena 5.
   208 | D        | Noticed a slime creature
   208 | D        | Noticed a jelly
   208 | D        | Noticed a golden eye
   212 | D        | Killed a golden eye
   212 | D        | Acquired Vehumet's third power
   212 | D        | Reached XP level 7. HP: 35/41 MP: 19/21
   214 | D        | Killed a slime creature
   214 | D        | Reached skill level 11 in Ice Magic
   215 | D        | Killed a jelly
   221 | D        | Entered arena 6.
   221 | D        | Noticed a crimson imp
   221 | D        | Noticed a freezing wraith
   221 | D        | Noticed a crimson imp
   226 | D        | Killed a crimson imp
   226 | D        | Reached skill level 12 in Ice Magic
   229 | D        | Killed a freezing wraith
   229 | D        | Reached skill level 13 in Ice Magic
   229 | D        | Reached XP level 8. HP: 37/46 MP: 24/24
   229 | D        | Killed a crimson imp
   241 | D        | Entered arena 7.
   241 | D        | Noticed a troll
   241 | D        | Noticed a hill giant
   241 | D        | Noticed a two-headed ogre
   241 | D        | Noticed an ogre
   241 | D        | Noticed a troll
   241 | D        | Noticed an ogre
   243 | D        | Killed an ogre
   245 | D        | Killed an ogre
   250 | D        | Killed a troll
   250 | D        | Reached skill level 14 in Ice Magic
   250 | D        | Killed a troll
   250 | D        | Reached skill level 15 in Ice Magic
   252 | D        | Killed a two-headed ogre
   252 | D        | Reached XP level 9. HP: 35/51 MP: 7/25
   254 | D        | Killed a hill giant
   254 | D        | Reached skill level 16 in Ice Magic
   269 | D        | Got the +6 hand axe "Oleul" {freeze, rF++ Str-3 Int+1}
   325 | D        | Learned a level 2 spell: Blink
   330 | D        | Learned a level 4 spell: Summon Ice Beast
   348 | D        | Entered arena 8.
   348 | D        | Noticed Sigmund
   348 | D        | Noticed Jessica
   348 | D        | Noticed Blork the orc
   348 | D        | Noticed Crazy Yiuf
   348 | D        | Noticed Dowan
   348 | D        | Noticed Duvessa
   348 | D        | Noticed Edmund
   351 | D        | Killed Duvessa
   351 | D        | Offered knowledge of Sting by Vehumet.
   351 | D        | Reached skill level 1 in Evocations
   354 | D        | Killed Sigmund
   357 | D        | Killed Crazy Yiuf
   360 | D        | Killed Blork the orc
   365 | D        | Killed Jessica
   368 | D        | Killed Dowan
   368 | D        | Killed Edmund
   411 | D        | Identified the Disquisition on Harmful Black Arts (You found it in the Dungeon)
   417 | D        | Learned a level 3 spell: Mephitic Cloud
   532 | D        | Entered arena 9.
   532 | D        | Noticed a guardian mummy
   532 | D        | Noticed an ushabti
   532 | D        | Noticed an anubis guard
   532 | D        | Noticed a guardian mummy
   537 | D        | Offered knowledge of Searing Ray by Vehumet.
   541 | D        | Killed a guardian mummy
   542 | D        | Noticed an ice devil
   544 | D        | Your ally BluebellGnoll died
   546 | D        | Slain by a guardian mummy

Action                   |  1- 3 |  4- 6 |  7- 9 || total
-------------------------+-------+-------+-------++-------
Melee: Broad axe         |     2 |     9 |    23 ||    34
       Unarmed           |       |       |     8 ||     8
 Cast: Throw Frost       |       |     1 |       ||     1
       Throw Icicle      |       |       |    12 ||    12
       Ozocubu's Armour  |       |       |     2 ||     2
Evoke: Deck              |     1 |     1 |     3 ||     5
       Wand              |       |       |     3 ||     3
       Fan of gales      |       |       |     1 ||     1
  Use: Potion            |     4 |     3 |     1 ||     8
       Scroll            |       |       |     1 ||     1
 Stab: Sleeping          |       |     2 |     1 ||     3
